AoeStats
← saikrishan399

Pilgrims

510022351Analyzed
4v4 RM · 4d ago on Sep 29, 2026· 49m 45s· 8 players
Game mode
Random Map
Map size
Large (8 player)
Population
200
Speed
Normal
Resources
Standard
Victory
Conquest
Starting age
Dark Age
Ending age
Imperial Age
RankedLock teamsTeams togetherTeam positionsShared explorationLock speedFull tech treeHidden civsTurbo modeCheats
Victory
Defeat
🇲🇽 Danes · Mexico
882
+14
🇨🇳 Teutons · China
819
+17
🇩🇴 Varangians · Dominican Republic
818
+17
🇨🇳 Sicilians · China
783
+18
🇺🇸 Vietnamese · United States
908
-19
🇨🇱 Chinese · Chile
898
-18
🇨🇳 Persians · China
847
-17
🇮🇳 Portuguese · India
713
-12
SköllShadow
5:24 Loom
14:06 Feudal Age
15:22 Wheelbarrow
14:30 Fishing Lines
14:42 Double-Bit Axe
18:31 Gold Mining
21:52 Arson
24:10 Castle Age
22:03 Stone Mining
22:19 Horse Collar
23:14 Forging
25:07 Hand Cart
24:46 Gillnets
25:08 Medium Warships
24:51 Gambesons
25:07 Squires
26:14 Iron Casting
26:26 Bloodlines
26:17 Husbandry
27:05 Gold Shaft Mining
27:05 Stone Shaft Mining
26:32 Heavy Plow
26:46 Bow Saw
26:51 Scale Mail Armor
26:49 Fletching
27:57 Clinker Construction
28:57 Chain Mail Armor
29:55 Ballistics
32:13 Fervor
34:37 Imperial Age
32:33 Hamask
35:10 Careening
34:57 Murder Holes
36:44 Conscription
35:45 Elite Jomsviking
37:38 Chemistry
36:59 Carvel Hull
36:45 Siege Engineers
37:38 Elite Varangian Guard
40:24 Blast Furnace
40:22 Plate Mail Armor
40:46 Northmen's Fury
42:17 Caravan
43:38 Onager
47:29 Siege Onager
Mandark39
11:07 Loom
12:59 Feudal Age
19:38 Castle Age
19:06 Double-Bit Axe
30:53 Scale Mail Armor
33:59 Fletching
35:19 Bodkin Arrow
44:22 Imperial Age
42:32 Wheelbarrow
41:42 Town Watch
49:54 Forging
chentao_1209
13:51 Feudal Age
20:55 Castle Age
21:15 Stone Mining
28:40 Fletching
28:50 Padded Archer Armor
29:57 Bloodlines
29:58 Fishing Lines
31:31 Scale Mail Armor
31:59 Gillnets
39:18 Imperial Age
38:07 Scale Barding Armor
38:17 Chain Mail Armor
41:31 Cavalier
42:26 Forging
43:10 Crenellations
45:46 Chain Barding Armor
俺讨厌种田
4:13 Loom
11:21 Feudal Age
29:01 Castle Age
27:39 Wheelbarrow
33:12 Fishing Lines
38:46 Hand Cart
39:08 Forging
38:59 Scale Mail Armor
42:43 Imperial Age
42:53 Imperial Age
40:40 Hand Cart
42:32 Murder Holes
42:58 Ballistics
42:52 Elite Skirmisher
42:59 Elite Serjeant
44:26 Padded Archer Armor
50:16 Chemistry
max
11:09 Loom
12:59 Feudal Age
15:16 Fletching
22:50 Castle Age
21:30 Padded Archer Armor
24:38 Wheelbarrow
24:02 Bodkin Arrow
23:29 Crossbowman
27:33 Thumb Ring
35:03 Pikeman
35:56 Forging
saikrishan399
9:14 Loom
13:24 Feudal Age
13:46 Man-at-Arms
15:17 Double-Bit Axe
15:14 Horse Collar
26:52 Gold Mining
32:19 Wheelbarrow
34:09 Castle Age
38:08 Hand Cart
43:10 Husbandry
48:56 Forging
48:46 Scale Mail Armor
48:54 Scale Barding Armor
Juan Carlos Bodoque
6:14 Loom
13:22 Feudal Age
14:20 Fishing Lines
15:26 Town Watch
16:19 Wheelbarrow
22:19 Castle Age
20:17 Man-at-Arms
22:05 Arson
22:49 Forging
22:39 Scale Mail Armor
23:23 Hand Cart
23:13 Gillnets
24:22 Chain Mail Armor
24:42 Iron Casting
23:58 Fletching
26:38 Bodkin Arrow
29:56 Squires
37:33 Padded Archer Armor
38:16 Ballistics
43:28 Masonry
观音的害怕
Connection lost

Rejoining the realm…

Still unreachable

The connection could not be restored.

Session expired

The server has moved on; the page needs a fresh start.